| TOP OF THE 1ST |
|
Atlanta Firebirds batting - Pitching for Cincinnati Reds : LHP Steven Matz
|
|
Pitching: LHP Steven Matz
|
|
|
Batting: RHB Jorge Gutiérrez
|
0-0: Ball 1-0: Called Strike 1-1: Called Strike 1-2: Foul Ball, location: 5F 1-2: Strikes out swinging
|
|
Batting: RHB Luis Camacho
|
0-0: Ball 1-0: Called Strike 1-1: Called Strike 1-2: Strikes out looking
|
|
Batting: RHB Jim Bowers
|
0-0: Ball 1-0: Called Strike 1-1: SINGLE (Groundball, 6MD, EV 96.3 MPH)
|
|
Batting: RHB Ryan Rua
|
0-0: Called Strike 0-1: Foul Ball, location: 25FF 0-2: Ball 1-2: Strikes out swinging
|
| Top of the 1st over - 0 runs, 1 hit, 0 errors, 1 left on base; Atlanta 0 - Cincinnati 0 |
| BOTTOM OF THE 1ST |
|
Cincinnati Reds batting - Pitching for Atlanta Firebirds : RHP Oscar Willis
|
|
Pitching: RHP Oscar Willis
|
|
|
Batting: LHB José Parra
|
0-0: Ball 1-0: Called Strike 1-1: Swinging Strike 1-2: Foul Ball, location: 7LDF 1-2: Foul Ball, location: 2F 1-2: Ball 2-2: Fly out, F7 (Flyball, 78M, EV 93.1 MPH)
|
|
Batting: LHB José Morán
|
0-0: Called Strike 0-1: Ground out 6-3 (Groundball, 6, EV 85.0 MPH)
|
|
Batting: RHB Walt Morris
|
0-0: Swinging Strike 0-1: Swinging Strike 0-2: Fly out, F4 (Popup, 4MD, EV 56.9 MPH)
|
| Bottom of the 1st over - 0 runs, 0 hits, 0 errors, 0 left on base; Atlanta 0 - Cincinnati 0 |
| TOP OF THE 2ND |
|
Atlanta Firebirds batting - Pitching for Cincinnati Reds : LHP Steven Matz
|
|
Batting: RHB Gleyber Torres
|
0-0: Called Strike 0-1: Foul Ball, location: 5SF 0-2: Ball 1-2: Ball 2-2: Ball 3-2: SINGLE (Groundball, 4, EV 100.6 MPH) (infield hit)
|
|
Batting: LHB Joc Pederson
|
0-0: Foul Ball, location: 7LSF 0-1: Ball 1-1: Bunt missed! 1-2: Grounds into double play, 5-4-3 (Groundball, 6S, EV 84.4 MPH)
|
|
Batting: RHB Phil Walker
|
0-0: Fly out, F8 (Flyball, 8RM, EV 92.5 MPH)
|
| Top of the 2nd over - 0 runs, 1 hit, 0 errors, 0 left on base; Atlanta 0 - Cincinnati 0 |
| BOTTOM OF THE 2ND |
|
Cincinnati Reds batting - Pitching for Atlanta Firebirds : RHP Oscar Willis
|
|
Batting: LHB Daryl Hatfield
|
0-0: Called Strike 0-1: Ball 1-1: Ground out 1-3 (Groundball, 34S, EV 73.1 MPH)
|
|
Batting: RHB Christian Walker
|
0-0: Ball 1-0: SINGLE (Line Drive, 9LS, EV 107.5 MPH)
|
|
Batting: SHB Cristhian Adames
|
0-0: Ball 1-0: Ball 2-0: Called Strike 2-1: Swinging Strike 2-2: Fly out, F5 (Line Drive, 5L, EV 65.0 MPH)
|
|
Batting: SHB Bob MacKerchar
|
0-0: Ball Wild Pitch! Christian Walker to second 1-0: Swinging Strike 1-1: Ground out 4-3 (Groundball, 4, EV 91.9 MPH)
|
| Bottom of the 2nd over - 0 runs, 1 hit, 0 errors, 1 left on base; Atlanta 0 - Cincinnati 0 |
| TOP OF THE 3RD |
|
Atlanta Firebirds batting - Pitching for Cincinnati Reds : LHP Steven Matz
|
|
Batting: RHB Wilfredo Gimenez
|
0-0: Ball 1-0: Called Strike 1-1: Ball 2-1: Foul Ball, location: 25FF 2-2: SOLO HOME RUN (Flyball, 9D, EV 100.0 MPH), Distance : 378 ft
|
|
Batting: SHB Miguel Ruiz
|
0-0: Called Strike 0-1: Foul Ball, location: 23FF 0-2: Strikes out swinging
|
|
Batting: RHB Jorge Gutiérrez
|
0-0: SINGLE (Line Drive, 4D, EV 96.3 MPH)
|
|
Batting: RHB Luis Camacho
|
0-0: Ball 1-0: Ball 2-0: Ball 3-0: Called Strike 3-1: SINGLE (Groundball, 34S, EV 75.0 MPH) (infield hit) Jorge Gutiérrez to second
|
|
Batting: RHB Jim Bowers
|
0-0: Ball 1-0: Grounds into double play, 1-6-3 (Groundball, 13S, EV 66.9 MPH)
|
| Top of the 3rd over - 1 run, 3 hits, 0 errors, 1 left on base; Atlanta 1 - Cincinnati 0 |
| BOTTOM OF THE 3RD |
|
Cincinnati Reds batting - Pitching for Atlanta Firebirds : RHP Oscar Willis
|
|
Batting: RHB Steve Wade
|
0-0: Fly out, F9 (Flyball, 89M, EV 94.4 MPH)
|
|
Batting: RHB Raúl Bauiero
|
0-0: Called Strike 0-1: Called Strike 0-2: Ball 1-2: Ball 2-2: Foul Ball, location: 2F 2-2: Ground out 4-3 (Groundball, 4M, EV 102.5 MPH)
|
|
Batting: LHB José Parra
|
0-0: Fly out, F7 (Flyball, 78M, EV 78.1 MPH)
|
| Bottom of the 3rd over - 0 runs, 0 hits, 0 errors, 0 left on base; Atlanta 1 - Cincinnati 0 |
| TOP OF THE 4TH |
|
Atlanta Firebirds batting - Pitching for Cincinnati Reds : LHP Steven Matz
|
|
Batting: RHB Ryan Rua
|
0-0: Foul Ball, location: 3SF 0-1: Ball 1-1: Ball 2-1: Ball 3-1: Foul Ball, location: 2F 3-2: Ground out 6-3 (Groundball, 6, EV 109.4 MPH)
|
|
Batting: RHB Gleyber Torres
|
0-0: Called Strike 0-1: Foul Ball, location: 3SF 0-2: Ball 1-2: Ground out 6-3 (Groundball, 6MS, EV 78.1 MPH)
|
|
Batting: LHB Joc Pederson
|
0-0: Ball 1-0: Fly out, F7 (Line Drive, 78D, EV 90.6 MPH)
|
| Top of the 4th over - 0 runs, 0 hits, 0 errors, 0 left on base; Atlanta 1 - Cincinnati 0 |
| BOTTOM OF THE 4TH |
|
Cincinnati Reds batting - Pitching for Atlanta Firebirds : RHP Oscar Willis
|
|
Batting: LHB José Morán
|
0-0: Called Strike 0-1: Called Strike 0-2: Ball 1-2: DOUBLE (Line Drive, 9LS, EV 98.1 MPH)
|
|
Batting: RHB Walt Morris
|
0-0: SINGLE (Line Drive, 89S, EV 108.8 MPH) José Morán to third
|
|
Batting: LHB Daryl Hatfield
|
0-0: Called Strike 0-1: Foul Ball, location: 2F 0-2: Foul Ball, location: 7LDF 0-2: Ball 1-2: Foul Ball, location: 7LMF 1-2: Strikes out looking
|
|
Batting: RHB Christian Walker
|
0-0: Ball 1-0: Called Strike 1-1: Ball 2-1: Called Strike 2-2: Strikes out swinging
|
|
Batting: SHB Cristhian Adames
|
0-0: Ball 1-0: Called Strike 1-1: Ball 2-1: Ground out 4-3 (Groundball, 4, EV 78.1 MPH)
|
| Bottom of the 4th over - 0 runs, 2 hits, 0 errors, 2 left on base; Atlanta 1 - Cincinnati 0 |
| TOP OF THE 5TH |
|
Atlanta Firebirds batting - Pitching for Cincinnati Reds : LHP Steven Matz
|
|
Now at 2B: Steve Wade
|
|
|
Now at SS: Adrian Valerio
|
|
|
Batting: RHB Phil Walker
|
0-0: Called Strike 0-1: Foul Ball, location: 9LMF 0-2: Foul Ball, location: 9LMF 0-2: Ground out 1-3 (Groundball, P, EV 63.1 MPH)
|
|
Batting: RHB Wilfredo Gimenez
|
0-0: Foul Ball, location: 2F 0-1: Ball 1-1: Ground out U3 (Groundball, 23, EV 89.4 MPH)
|
|
Batting: SHB Miguel Ruiz
|
0-0: Called Strike 0-1: Ground out 1-3 (Groundball, 23, EV 68.8 MPH)
|
| Top of the 5th over - 0 runs, 0 hits, 0 errors, 0 left on base; Atlanta 1 - Cincinnati 0 |
| BOTTOM OF THE 5TH |
|
Cincinnati Reds batting - Pitching for Atlanta Firebirds : RHP Oscar Willis
|
|
Pitching: LHP Curt Wilkerson
|
|
|
Now at 3B: Gilbert Lara
|
|
|
Now in LF: Al Johnson
|
|
|
Batting: SHB Bob MacKerchar
|
0-0: Ball 1-0: Ball 2-0: Ball 3-0: Called Strike 3-1: Called Strike 3-2: Foul Ball, location: 2F 3-2: SINGLE (Line Drive, 8LS, EV 97.5 MPH)
|
|
Batting: RHB Steve Wade
|
0-0: Ball 1-0: Ball 2-0: Foul Ball, location: 2F 2-1: Ball 3-1: Foul Ball, location: 9LMF 3-2: Strikes out swinging
|
|
Batting: RHB Raúl Bauiero
|
0-0: Foul Ball, location: 9LSF 0-1: Foul Ball, location: 23FF 0-2: Foul Ball, location: 9LDF 0-2: Foul Ball, location: 3FF 0-2: Ball 1-2: Fielders Choice at 2nd, 1-6 (Groundball, 13, EV 70.6 MPH)
|
|
Pinch Hitting: RHB Jorge Llerena
|
0-0: Called Strike 0-1: Ball 1-1: TRIPLE (Flyball, 78XD, EV 92.5 MPH) Raúl Bauiero scores
|
|
Batting: SHB António Pacheco
|
0-0: Fly out, F8 (Line Drive, 8LM, EV 91.9 MPH)
|
| Bottom of the 5th over - 1 run, 2 hits, 0 errors, 1 left on base; Atlanta 1 - Cincinnati 1 |
| TOP OF THE 6TH |
|
Atlanta Firebirds batting - Pitching for Cincinnati Reds : LHP Steven Matz
|
|
Pitching: RHP Jhon De Jesus
|
|
|
Now at C: Julio Morillo
|
|
|
Now at 2B: Milo Alexander
|
|
|
Now at 3B: Ben Riley
|
|
|
Now in LF: Jorge Llerena
|
|
|
Now in CF: Walt Morris
|
|
|
Now in RF: Sal May
|
|
|
Pinch Hitting: LHB Joe McGrath
|
0-0: Ball 1-0: Called Strike 1-1: Foul Ball, location: 3DF 1-2: Ball 2-2: Ball 3-2: Fly out, F8 (Flyball, 8RM, EV 92.5 MPH)
|
|
Batting: RHB Chris Thomas
|
0-0: Ball 1-0: Called Strike 1-1: Ball 2-1: Foul Ball, location: 2F 2-2: Ball 3-2: Base on Balls
|
|
Batting: LHB Al Johnson
|
0-0: Ball 1-0: Foul Ball, location: 23F 1-1: Foul Ball, location: 2F 1-2: SINGLE (Line Drive, 9LM, EV 103.1 MPH) Chris Thomas to second
|
|
Pitching: RHP Jim Morris
|
|
|
Pinch Hitting: SHB Tony Silva
|
0-0: Ball 1-0: Called Strike 1-1: Foul Ball, location: 2F 1-2: Strikes out swinging
|
|
Pinch Hitting: LHB Al Ford
|
0-0: Ball 1-0: Ball 2-0: Ball 3-0: Called Strike 3-1: Fly out, F7 (Flyball, 7LS, EV 73.8 MPH)
|
| Top of the 6th over - 0 runs, 1 hit, 0 errors, 2 left on base; Atlanta 1 - Cincinnati 1 |
| BOTTOM OF THE 6TH |
|
Cincinnati Reds batting - Pitching for Atlanta Firebirds : LHP Curt Wilkerson
|
|
Pitching: RHP Chad Jackson
|
|
|
Now at 1B: Tony Silva
|
|
|
Now at 2B: Al Ford
|
|
|
Now in RF: Joe McGrath
|
|
|
Pinch Hitting: LHB Jeremy Haley
|
0-0: Ground out U3 (Groundball, 3, EV 89.4 MPH)
|
|
Pinch Hitting: LHB Jon Clark
|
0-0: Ball 1-0: Called Strike 1-1: Ball 2-1: Foul Ball, location: 2F 2-2: Strikes out swinging
|
|
Pinch Hitting: LHB Jake Bauers
|
0-0: Ball 1-0: Foul Ball, location: 23F 1-1: Called Strike 1-2: Ground out 6-3 (Groundball, 6, EV 92.5 MPH)
|
| Bottom of the 6th over - 0 runs, 0 hits, 0 errors, 0 left on base; Atlanta 1 - Cincinnati 1 |
| TOP OF THE 7TH |
|
Atlanta Firebirds batting - Pitching for Cincinnati Reds : RHP Jim Morris
|
|
Pitching: RHP Cisco Bojórquez
|
|
|
Now at 1B: Jake Bauers
|
|
|
Now in CF: Jeremy Haley
|
|
|
Now in RF: Houd bin Mu'ayyad
|
|
|
Pinch Hitting: RHB Rocky Edwards
|
0-0: Ball 1-0: Called Strike 1-1: Ball 2-1: Ball 3-1: Called Strike 3-2: Fly out, F8 (Flyball, 89D, EV 89.4 MPH)
|
|
Batting: RHB Gilbert Lara
|
0-0: Ball 1-0: Ball 2-0: Called Strike 2-1: Foul Ball, location: 2F 2-2: SOLO HOME RUN (Flyball, 89XD, EV 99.4 MPH), Distance : 425 ft
|
|
Batting: RHB Wilfredo Gimenez
|
0-0: SINGLE (Line Drive, 8RS, EV 105.6 MPH)
|
|
Pinch Hitting: RHB Eric James
|
0-0: Called Strike 0-1: Foul Ball, location: 5F 0-2: Ball 1-2: Ball 2-2: Strikes out looking
|
|
Pitching: RHP El'Hajj Muhammad
|
|
|
Batting: LHB Joe McGrath
|
0-0: Ball 1-0: Foul Ball, location: 2F 1-1: SINGLE (Line Drive, 9S, EV 85.6 MPH) Wilfredo Gimenez to second Runner from 2nd tries for 3rd, SAFE, throw by RF made to third
|
|
Batting: LHB Eddie Browning
|
0-0: Swinging Strike 0-1: Swinging Strike 0-2: Strikes out looking
|
| Top of the 7th over - 1 run, 3 hits, 0 errors, 2 left on base; Atlanta 2 - Cincinnati 1 |
| BOTTOM OF THE 7TH |
|
Cincinnati Reds batting - Pitching for Atlanta Firebirds : RHP Chad Jackson
|
|
Pitching: RHP Joel Nelson
|
|
|
Now at SS: Eric James
|
|
|
Now in CF: Joe McGrath
|
|
|
Now in RF: Connor Oliver
|
|
|
Batting: SHB Adrian Valerio
|
0-0: Foul Ball, location: 2RF 0-1: Swinging Strike 0-2: Strikes out swinging
|
|
Batting: LHB Milo Alexander
|
0-0: Ground out U3 (Groundball, 34, EV 107.5 MPH)
|
|
Batting: RHB Julio Morillo
|
0-0: Swinging Strike 0-1: Ball 1-1: Ball 2-1: Swinging Strike 2-2: Foul Ball, location: 9LDF 2-2: Strikes out swinging
|
| Bottom of the 7th over - 0 runs, 0 hits, 0 errors, 0 left on base; Atlanta 2 - Cincinnati 1 |
| TOP OF THE 8TH |
|
Atlanta Firebirds batting - Pitching for Cincinnati Reds : RHP El'Hajj Muhammad
|
|
Pitching: RHP Shane Broyles
|
|
|
Batting: LHB Al Johnson
|
0-0: Ball 1-0: Called Strike 1-1: Foul Ball, location: 2RF 1-2: Ground out 5-3 (Groundball, 56, EV 100.0 MPH)
|
|
Batting: SHB Tony Silva
|
0-0: Ground out 6-3 (Groundball, 6M, EV 107.5 MPH)
|
|
Batting: LHB Al Ford
|
0-0: Ground out 4-3 (Groundball, 34, EV 90.6 MPH)
|
| Top of the 8th over - 0 runs, 0 hits, 0 errors, 0 left on base; Atlanta 2 - Cincinnati 1 |
| BOTTOM OF THE 8TH |
|
Cincinnati Reds batting - Pitching for Atlanta Firebirds : RHP Joel Nelson
|
|
Pitching: RHP Nick Kingham
|
|
|
Batting: RHB Ben Riley
|
0-0: Called Strike 0-1: Ball 1-1: Fly out, F9 (Flyball, 9D, EV 92.5 MPH)
|
|
Batting: RHB Jorge Llerena
|
0-0: Called Strike 0-1: Ground out U3 (Groundball, 34, EV 78.8 MPH)
|
|
Batting: SHB António Pacheco
|
0-0: Ball 1-0: Ball 2-0: Swinging Strike 2-1: Called Strike 2-2: Ground out U3 (Groundball, 3S, EV 89.4 MPH)
|
| Bottom of the 8th over - 0 runs, 0 hits, 0 errors, 0 left on base; Atlanta 2 - Cincinnati 1 |
| TOP OF THE 9TH |
|
Atlanta Firebirds batting - Pitching for Cincinnati Reds : RHP Shane Broyles
|
|
Pitching: LHP Ben Heath
|
|
|
Pinch Hitting: RHB Pat Bennett
|
0-0: Foul Ball, location: 2RF 0-1: Swinging Strike 0-2: Foul Ball, location: 2F 0-2: TRIPLE (Flyball, 78XD, EV 94.4 MPH)
|
|
Batting: RHB Gilbert Lara
|
0-0: Swinging Strike 0-1: Ball 1-1: Fly out, F6 (Popup, 4M, EV 58.8 MPH)
|
|
Pinch Hitting: LHB António Baca
|
0-0: Fly out, F6 (Popup, P, EV 75.6 MPH)
|
|
Pitching: RHP Ben Austin
|
|
|
Batting: RHB Eric James
|
0-0: Ball 1-0: SINGLE (Line Drive, 4M, EV 96.9 MPH) Pat Bennett scores
|
|
Batting: LHB Joe McGrath
|
0-0: Ball Wild Pitch! Eric James to second 1-0: Ball 2-0: SINGLE (Flyball, 6D, EV 92.5 MPH) Eric James to third Runner from 3rd tries for Home, SAFE, throw by CF to home
|
|
Batting: LHB Eddie Browning
|
0-0: Foul Ball, location: 7LMF 0-1: Foul Ball, location: 25FF 0-2: Foul Ball, location: 5SF 0-2: Strikes out swinging
|
| Top of the 9th over - 2 runs, 3 hits, 0 errors, 1 left on base; Atlanta 4 - Cincinnati 1 |
| BOTTOM OF THE 9TH |
|
Cincinnati Reds batting - Pitching for Atlanta Firebirds : RHP Nick Kingham
|
|
Pitching: LHP Tom Windle
|
|
|
Now at C: Dan Dorey
|
|
|
Now in LF: Josh Burkett
|
|
|
Now in CF: Al Johnson
|
|
|
Now in RF: Joe McGrath
|
|
|
Pinch Hitting: RHB Mac James
|
0-0: Fly out, F9 (Flyball, 89S, EV 78.8 MPH)
|
|
Pinch Hitting: RHB Cory Thompson
|
0-0: Ball 1-0: Foul Ball, location: 2F 1-1: Ball 2-1: Ground out 4-3 (Groundball, 34, EV 93.8 MPH)
|
|
Pinch Hitting: RHB Jose Tello
|
0-0: SINGLE (Line Drive, 78S, EV 105.6 MPH)
|
|
Batting: SHB Adrian Valerio
|
0-0: DOUBLE (Line Drive, 9LD, EV 110.0 MPH) Jose Tello to third
|
|
Batting: LHB Milo Alexander
|
0-0: Ground out U3 (Groundball, 3L, EV 105.6 MPH)
|
| Bottom of the 9th over - 0 runs, 2 hits, 0 errors, 2 left on base; Atlanta 4 - Cincinnati 1 |
|